 Dungeon Crawl Stone Soup version 0.32-a0-876-gcfddb08e57 (webtiles) character file.

Game seed: 14160525994979797077

3192 oldriver the Spear-Bearer (level 9, -16/101 HPs)
             Began as an Oni Shapeshifter on Apr 1, 2024.
             Was an Initiate of Yredelemnul.
             Demolished by a death yak (21 damage)
             ... on level 8 of the Dungeon.
             The game lasted 00:10:02 (5983 turns).

oldriver the Spear-Bearer (Oni Shapeshifter)        Turns: 5983, Time: 00:10:03

Health: -16/101    AC:  5    Str: 24    XL:     9   Next: 96%
Magic:  9/9        EV: 14    Int: 11    God:    Yredelemnul [......]
Gold:   433        SH:  0    Dex:  8    Spells: 8/8 levels left

rFire   . . .        g - +4 spear (vamp)
rCold   + . .        (no shield)
rNeg    + . .        s - +2 robe {rC+}
rPois   .            (helmet currently unavailable)
rElec   .            (cloak currently unavailable)
rCorr   .            (gloves unavailable)
SInv    .            (boots unavailable)
Will    .....        (no amulet)
Stlth   +            l - +5 ring of evasion
HPRegen 0.36/turn    k - ring of positive energy
MPRegen 0.11/turn

%: no passive effects
@: beast-form, wreathed by umbra
A: beast (slay +1), large, unfitting armour, horns 1, tough skin 1, double
potion healing, drunken brawling
a: Begin Untransformation, Renounce Religion, Light the Black Torch, Recall
Undead Harvest


You were on level 8 of the Dungeon.
You worshipped Yredelemnul.
Yredelemnul was noncommittal.
You were a hulking beast.
You visited 2 branches of the dungeon, and saw 9 of its levels.

You collected 433 gold pieces.

Inventory:

Hand Weapons
 g - a +4 vampiric spear (weapon)
Missiles
 o - 6 atropa-tipped darts
 p - 7 boomerangs
 q - 44 stones (quivered)
Armour
 s - a +2 robe of cold resistance (worn)
Jewellery
 k - a ring of positive energy (right hand)
 l - a +5 ring of evasion (left hand)
 u - a ring of see invisible
Talismans
 c - a beast talisman (active)
 d - a flux talisman
Scrolls
 i - a scroll of blinking
 j - a scroll of fog
 w - 4 scrolls of identify
Potions
 b - 2 potions of lignification
 m - a potion of mutation
 n - a potion of enlightenment


   Skills:
 + Level 9.7 Fighting
 * Level 10.0 Polearms
 - Level 4.0 Throwing
 + Level 3.6 Dodging
 - Level 2.6 Unarmed Combat
 - Level 3.0 Shapeshifting


You had 8 spell levels left.
You didn't know any spells.
Your spell library contained the following spells:

 Spells                   Type           Power      Damage    Failure   Level
 Apportation              Tloc           0%         N/A       34%         1
 Necrotise                Necr           0%         1d4       34%         1
 Sting                    Conj/Alch      0%         1d3       34%         1
 Summon Small Mammal      Summ           0%         N/A       34%         1
 Ensorcelled Hibernation  Hex/Ice        0%         N/A       47%         2
 Call Canine Familiar     Summ           0%         N/A       71%         3
 Fugue of the Fallen      Necr           0%         N/A       71%         3
 Passwall                 Erth           0%         N/A       71%         3
 Sigil of Binding         Hex            0%         N/A       71%         3
 Volatile Blastmotes      Fire/Tloc      0%         2d10      71%         3
 Anguish                  Hex/Necr       0%         N/A       98%         4
 Dimensional Bullseye     Hex/Tloc       0%         N/A       98%         4
 Olgreb's Toxic Radiance  Alch           0%         N/A       98%         4
 Vhi's Electric Charge    Tloc/Air       0%         N/A       98%         4
 Bombard                  Conj/Erth      0%         9d1       100%        6
 Ozocubu's Refrigeration  Ice            0%         4d7       100%        7
 Discord                  Hex            0%         N/A       100%        8


Dungeon Overview and Level Annotations

Branches:
Dungeon (8/15)             Temple (1/1) D:4            Lair (0/5) D:8

Altars:
Ashenzari
Cheibriados
Dithmenos
Elyvilon
Fedhas
Gozag
Hepliaklqana
Kikubaaqudgha
Makhleb
Nemelex Xobeh
Okawaru
Qazlal
Ru
Sif Muna
Trog
Uskayaw
Vehumet
Wu Jian
Xom
Yredelemnul
Zin
The Shining One

Annotations:
D:4 3 runed translucent doors, 601d51SH's ghost, weakling DrDe


Innate Abilities, Weirdness & Mutations

You are a hulking beast.
Your limbs bulge with bestial killing power. (Slay +1)
You are too large for most types of armour.
You have a pair of small horns on your head.
You have tough skin. (AC +1)
You gain doubled healing and magic from potions.
Whenever you drink a healing potion, you attack all around you.


Message History

Throw: 45 stones
Press: ? - help, Q - select action, (/) - cycle Shift-Dir - straight line, f/p - death yak
Aim: a death yak (almost dead, ally target, 79% to hit)
You throw a stone.
The stone completely misses the death yak.
Unknown command.
Throw: 9 darts (atropa)
Press: ? - help, Shift-Dir - straight line, f/p - death yak
Aim: a death yak (almost dead, ally target, 79% to hit, chance to blind on hit: 3%)
You throw an atropa-tipped dart.
The atropa-tipped dart hits the death yak.
The death yak resists.
The death yak is almost dead.
Throw: 8 darts (atropa)
Press: ? - help, Shift-Dir - straight line, f/p - death yak
Aim: a death yak (almost dead, ally target, 79% to hit, chance to blind on hit: 3%)
You throw an atropa-tipped dart.
The atropa-tipped dart hits the death yak!
The death yak resists.
The death yak is almost dead.
Throw: 7 darts (atropa)
Press: ? - help, Shift-Dir - straight line, f/p - death yak
Aim: a death yak (almost dead, ally target, umbra, 79% to hit, chance to blind on hit: 3%)
You throw an atropa-tipped dart.
The atropa-tipped dart hits the death yak.
The death yak resists.
The death yak is almost dead.
You hit the death yak.
You feel better.
The death yak is almost dead.
You hit the death yak but do no damage. Your headbutt misses the death yak.
The death yak is almost dead.
The death yak gores you.
* * * LOW HITPOINT WARNING * * *
You barely miss the death yak. Your headbutt misses the death yak.
The death yak is almost dead.
You hit the death yak but do no damage.
The death yak is almost dead.
The death yak gores you!!
You die...
Your body rises from the dead as a mindless zombie.

.♣.♣.♣Y.# #.. ♣...♣.#.# ..
#..# .♣.♣.##Y# .# #..#
###..##Y# . ##..# .....##.##
#. ##..# ......#r.# #.###.<#
.........# #.....##
.........###############..##
............Z(ZYh.........#
...>......###############..#
.......#.## ##..# ......##.#
#... ....###..# #....
######...# .... ###....# ...
##...##.# .. ##...###.#


You could see a death yak (ally target), a friendly yak zombie and a friendly
death yak zombie.

Vanquished Creatures
  A death yak (D:8)
  A hornet (D:7)
  Sigmund (D:5)
  A yak (D:8)
  3 water moccasins
  A sky beast (D:7)
  4 black bears
  An ice beast (D:7)
  A centaur (D:6)
  A kobold brigand (D:8)
  A bullfrog (D:7)
  3 scorpions
  3 howler monkeys
  3 hounds
  A bombardier beetle (D:4)
  2 jellies
  2 iguanas
  5 orc wizards
  8 adders
  A river rat (D:8)
  6 white imps
  2 ufetubi (D:6)
  2 dart slugs (D:1)
  3 ribbon worms
  16 orcs
  6 ball pythons
  8 endoplasms
  A giant cockroach (D:1)
  4 goblins
  6 hobgoblins
  8 jackals
  14 kobolds
  4 quokkas
  8 bats
  4 frilled lizards
  4 rats
140 creatures vanquished.

Vanquished Creatures (collateral kills)
  A yak (D:8)
  A jelly (D:7)
2 creatures vanquished.

Vanquished Creatures (others)
  A black bear zombie (D:8)
  A howler monkey zombie (D:7)
  A spectral white imp (D:8)
  A kobold zombie (D:8)
4 creatures vanquished.

Grand Total: 146 creatures vanquished

Notes
Turn   | Place    | Note
-------+----------+-------------------------------------------
     0 | D:1      | oldriver the Oni Shapeshifter began the quest for the Orb.
     0 | D:1      | Reached XP level 1. HP: 19/19 MP: 1/1
   128 | D:1      | Reached XP level 2. HP: 23/29 MP: 2/2
   452 | D:1      | Reached skill level 1 in Polearms
   452 | D:1      | Reached XP level 3. HP: 37/37 MP: 3/3
   938 | D:2      | Noticed a black bear
   955 | D:2      | Killed a black bear
   956 | D:2      | Reached skill level 3 in Polearms
   956 | D:2      | Reached XP level 4. HP: 31/49 MP: 4/4
   956 | D:2      | Reached XP level 5. HP: 35/55 MP: 5/5
  1690 | D:3      | Reached skill level 5 in Fighting
  1766 | D:3      | Reached skill level 4 in Polearms
  2167 | D:3      | Reached XP level 6. HP: 51/66 MP: 6/6
  2568 | D:4      | You fall into a shaft and drop 3 floors!
  2602 | D:7      | Noticed a water moccasin
  2616 | D:7      | Reached skill level 1 in Throwing
  2692 | D:6      | Reached XP level 7. HP: 74/74 MP: 7/7
  2724 | D:5      | Entered Level 5 of the Dungeon
  2733 | D:5      | Noticed Sigmund
  2751 | D:5      | Killed Sigmund
  2752 | D:5      | Reached skill level 5 in Polearms
  2911 | D:4      | Found an ancient bone altar of Kikubaaqudgha.
  3142 | D:4      | Found a staircase to the Ecumenical Temple.
  3175 | D:4      | Found a runed translucent gate.
  3175 | D:4      | Found a runed translucent gate.
  3176 | D:4      | Found a runed translucent gate.
  3176 | D:4      | Noticed 601d51SH's ghost (weakling DrDe)
  3415 | Temple   | Entered the Ecumenical Temple
  3509 | D:4      | Reached skill level 6 in Polearms
  3546 | D:4      | Reached XP level 8. HP: 77/84 MP: 8/8
  4323 | D:6      | Reached skill level 7 in Polearms
  4708 | D:6      | Found an opulent altar of Gozag.
  4715 | D:6      | Found a basalt altar of Yredelemnul.
  4757 | D:6      | Became a worshipper of Yredelemnul the Fallen
  4826 | D:7      | Noticed a hornet
  4833 | D:7      | Paralysed by a hornet for 2 turns
  4848 | D:7      | HP: 6/132 [poisoned by a hornet]
  4851 | D:7      | HP: 1/132 [sky beast (2)]
  4852 | D:7      | Killed a hornet
  4853 | D:7      | Reached skill level 8 in Polearms
  4853 | D:7      | Reached XP level 9. HP: 2/96 MP: 9/9
  5805 | D:8      | Reached skill level 9 in Polearms
  5879 | D:8      | Found a staircase to the Lair.
  5880 | D:8      | Noticed a death yak
  5890 | D:8      | Noticed a death yak
  5942 | D:8      | Killed a death yak
  5957 | D:8      | HP: 4/150 [death yak (19)]
  5969 | D:8      | Reached skill level 10 in Polearms
  5969 | D:8      | HP: 3/151 [death yak (12)]
  5981 | D:8      | HP: 5/101 [death yak (5)]
  5983 | D:8      | Demolished by a death yak

Illustrated notes

Levels and vault maps discovered:
D:1:      matt_arrival_refuge, layout_loops_ring, chequers_jeans,
          minmay_pentomino_t2
D:2:      layout_basic, grunt_decor_one_mirror
D:3:      layout_basic, corner_web_ring, kennysheep_generic_room_14
D:4:      layout_cave_pools, mainiacjoe_overflow_paths,
          minmay_temple_entry_trees, serial_rivers,
          chequers_serial_rivers_large_b, chequers_serial_rivers_large_a,
          chequers_serial_rivers_micro_e, chequers_serial_rivers_micro_a,
          chequers_serial_rivers_micro_d, gammafunk_ghost_nasty_kobolds
D:5:      layout_rooms, uniq_sigmund
D:6:      layout_rooms, mainiacjoe_overflow_big_doors
D:7:      layout_basic, kennysheep_generic_room_6
D:8:      layout_cave_pods, dpeg_lair_monsters, kennysheep_crisscross
Temple:   compressed_dpeg_triangle_lava_temple

Skill      XL: |  1  2  3  4  5  6  7  8  9 |
---------------+----------------------------+-----
Fighting       | 2 3 4 5 6 8 9 |  9.7
Polearms       | 1 3 4 6 8 10 | 10.0
Dodging        | 2 3 |  3.6
Throwing       | 1 2 4 |  4.0
Unarmed Combat | |  2.6
Shapeshifting  | |  3.0

Action                     |  1- 3 |  4- 6 |  7- 9 || total
---------------------------+-------+-------+-------++-------
  Melee: Unarmed           |    38 |       |       ||    38
         Headbutt          |    12 |    16 |    33 ||    61
         Spear             |    51 |   137 |   322 ||   510
  Throw: Stone             |       |     3 |     9 ||    12
         Dart              |       |       |     3 ||     3
 Invoke: Light the Black T |       |       |     3 ||     3
    Use: Scroll            |       |     7 |     8 ||    15
         Potion            |       |     1 |     6 ||     7
   Stab: Distracted        |       |     1 |     2 ||     3
 Armour: Animal skin       |    53 |    46 |     4 ||   103
         Robe              |       |       |   115 ||   115
         Skin              |       |       |    67 ||    67
  Dodge: Dodged            |    41 |    67 |   111 ||   219

Table legend: (Time is in decaauts)
 A = Elapsed time spent in this place.
 B = Non-inter-level travel time spent in this place.
 C = Inter-level travel time spent in this place.
 D = Time resting spent in this place.
 E = Time spent auto-exploring this place.
 F = Levels seen in this place.
 G = Mean time per level.
                   A        B        C        D        E       F      G
               +--------+--------+--------+--------+--------+-----+--------+
         Total |   5898 |   5477 |    421 |    986 |   3276 |   9 |  655.3 |
       Dungeon |   5896 |   5475 |    421 |    986 |   3276 |   8 |  737.0 |
        Temple |      1 |      1 |      0 |      0 |      0 |   1 |    1.0 |
               +--------+--------+--------+--------+--------+-----+--------+

Top non-repeatable levels by time:
     D:3: 1007 daAuts
     D:7: 1003 daAuts
     D:1: 842 daAuts
     D:4: 828 daAuts
     D:5: 786 daAuts
     D:2: 630 daAuts
     D:6: 605 daAuts
     D:8: 192 daAuts
  Temple: 1 daAuts
